 Dungeon Crawl Stone Soup version bcrawl-1.28.4 (webtiles) character file.

Game seed: 16813063767029387499

157490 Morbidden the Insei (level 4, -1/35 HPs)
             Began as a Demigod Transmuter on Jan 3, 2021.
             Succumbed to an orc wizard's poison
             ... on level 3 of the Dungeon.
             The game lasted 00:04:16 (1890 turns).

Morbidden the Insei (Demigod Transmuter)            Turns: 1890, Time: 00:04:16

Health: -1/35      AC:  3    Str: 13 (14) XL:     4   Next: 87%
Magic:  7/9        EV: 13    Int: 18 (19) God:    Demigod [**....]
Gold:   158        SH:  0    Dex: 16 (17) Spells: 1/7 levels left

rFire    . . .     SeeInvis .     - Fists (7.2)
rCold    . . .     Gourm    .   (no shield)
rNeg     . . .     Faith    .   b - +0 robe
rPois    .         Spirit   .   (helmet currently unavailable)
rElec    .         Reflect  .   g - +0 cloak
rCorr    .         Harm     .   (no gloves)
MR       .....                  (no boots)
Stlth    ++........             (no amulet)
HPRegen  0.11/turn              (no ring)
MPRegen  0.11/turn              (no ring)

@: lethally poisoned (-1 -> -28), appendage (expiring)
A: horns 3, high mp 1
a: End Transformation, Temporal Distortion, Growth


You were on level 3 of the Dungeon.
You worshipped Demigod.
Demigod was pleased with you.
You were hungry.
You had grown temporary horns.
You visited 1 branch of the dungeon, and saw 3 of its levels.

You collected 158 gold pieces.

Inventory:

Missiles
 a - 408 arrows (quivered)
Armour
 b - a +0 robe (worn)
 g - a +0 cloak (worn)
Scrolls
 f - 5 scrolls of identify
 i - a scroll of teleportation {unknown}
 j - 2 scrolls of magic mapping {unknown}
Potions
 d - a potion of brilliance {unknown}
Comestibles
 e - 3 rations {!d}


   Skills:
 * Level 1.5 Fighting
 * Level 2.3 Dodging
 + Level 0.4 Stealth
 + Level 3.5 Unarmed Combat
 * Level 2.1 Spellcasting
 * Level 2.4 Transmutations
 * Level 0.1 Poison Magic
 * Level 2.1 Invocations


You had one spell level left.
You knew the following spells:

 Your Spells              Type           Power        Failure   Level  Hunger
a - Beastly Appendage     Tmut           ##....       7%          1    None
b - Sticks to Snakes      Tmut           ##......     10%         2    ##.....
c - Spider Form           Tmut/Pois      #..          30%         3    ####...

Your spell library contained the following spells:

 Spells                   Type           Power        Failure   Level  Hunger
 Passwall                 Tmut/Erth      #.......     16%         2    ##.....
 Ice Form                 Ice/Tmut       #.......     71%         4    ######.
 Blade Hands              Tmut           ##........   88%         5    #######


Dungeon Overview and Level Annotations

Branches:
Dungeon (3/12)

Shops:
D:2 *


Innate Abilities, Weirdness & Mutations

You have an increased reservoir of magic. (+10% MP)
You have a pair of large horns on your head.


Message History

* * * LOW HITPOINT WARNING * * *
You feel sick.
Your ball python bites the orc.
Your ball python barely misses the orc.
Something hits you.
* * * LOW HITPOINT WARNING * * *
You are more poisoned.
Your transformation is almost over.
* * * LOW HITPOINT WARNING * * *
You feel very sick.
Your ball python misses the orc.
Your ball python closely misses the orc.
Something hits your ball python.
Your ball python dies!
* * * LOW HITPOINT WARNING * * *
You feel sick.
Unknown command.
It was a potion of degeneration.
There was something very wrong with that liquid.
You feel weakened.
You feel dopey.
You feel clumsy.
You die...
Your divinity fades.

################ .
+>.............. ..
##.#...#.##.### ...
#.#.#.#.<#@##### )...
##.#<#.####o....#
.....+.....oo..{.....#
g.......#.####.S..####
....(.#...##....#.####
......##..#....##....#
......###.....###....#
......#.##...##.#....#
...o..'⌠.##.##.⌠+....#


You could see an adder and an orc.

Vanquished Creatures
  A hound (D:2)
  2 adders
  2 adder skeletons (D:2)
  A worm (D:2)
  4 dart slugs
  2 orcs (D:3)
  2 giant cockroaches
  12 hobgoblins
  14 kobolds
  A quokka (D:3)
  2 ball pythons
  4 bats
  6 frilled lizards
  8 goblins
  2 rats
63 creatures vanquished.

Vanquished Creatures (collateral kills)
  An orc (D:3)
  2 hobgoblins (D:3)
3 creatures vanquished.

Grand Total: 66 creatures vanquished

Notes
Turn   | Place    | Note
-------+----------+-------------------------------------------
     0 | D:1      | Morbidden the Demigod Transmuter began the quest for the
                  | Orb.
     0 | D:1      | Reached XP level 1. HP: 15/15 MP: 5/5
   140 | D:1      | Reached skill level 1 in Fighting
   232 | D:1      | Reached XP level 2. HP: 19/23 MP: 7/7
   277 | D:1      | Reached skill level 1 in Invocations
   496 | D:1      | Reached * piety under Demigod
   510 | D:1      | Learned a level 2 spell: Sticks to Snakes
   621 | D:1      | Reached skill level 3 in Unarmed Combat
   937 | D:1      | Reached XP level 3. HP: 28/28 MP: 8/8
  1052 | D:2      | Reached XP level 4. HP: 10/35 MP: 9/9
  1235 | D:2      | Learned a level 3 spell: Spider Form
  1303 | D:2      | Found Zin's Purification Station.
  1318 | D:2      | Found a glowing silver altar of Zin.
  1337 | D:2      | Got a warped bone amulet
  1339 | D:2      | Identified the amulet "Houschica" {Inacc rPois} (You found
                  | it on level 2 of the Dungeon)
  1715 | D:3      | Reached ** piety under Demigod
  1889 | D:3      | HP: 1/35 [poisoned by an orc wizard]
  1890 | D:3      | Succumbed to an orc wizard's poison

Skill      XL: |  1  2  3  4 |
---------------+-------------+-----
Fighting       | 1 |  1.5
Transmutations | 2 |  2.4
Invocations    | 1 2 |  2.1
Unarmed Combat | 3 |  3.5
Dodging        | 2 |  2.3
Spellcasting   | 2 |  2.1
Stealth        | |  0.4
Poison Magic   | |  0.1

Action                   |  1- 3 |  4- 6 || total
-------------------------+-------+-------++-------
Melee: Unarmed           |   111 |    88 ||   199
       Kick              |     8 |    10 ||    18
       Headbutt          |     5 |     1 ||     6
       Punch             |     2 |       ||     2
 Cast: Beastly Appendage |    14 |     9 ||    23
       Sticks to Snakes  |       |     2 ||     2
  Use: Potion            |     1 |     1 ||     2
       Scroll            |       |     1 ||     1
 Stab: Sleeping          |     1 |     1 ||     2
  Eat: Chunk             |     3 |     4 ||     7
Armor: Robe              |    23 |    12 ||    35
       Skin              |     5 |     5 ||    10
Dodge: Dodged            |    63 |    52 ||   115
